 Dungeon Sprint DCSS version 0.31.0-9-g3a7656b989 (webtiles) character file.

Game seed: 8353818592801570483

109 Heoruswealwe the Spear-Bearer (level 4, -7/45 HPs)
             Began as a Minotaur Fighter on Feb 4, 2024.
             Was an Initiate of Gozag.
             Mangled by a shadow (19 damage)
             ... in the Dungeon (Sprint IX: "|||||||||||||||||||||||||||||").
             The game lasted 00:01:17 (140 turns).

Heoruswealwe the Spear-Bearer (Minotaur Fighter)     Turns: 140, Time: 00:01:17

Health: -7/45      AC: 10    Str: 22    XL:     4   Next: 59%
Magic:  3/3        EV:  8    Int:  5    God:    Gozag
Gold:   0          SH:  4    Dex: 10    Spells: 3/3 levels left

rFire   . . .        a - +0 trident
rCold   . . .        d - +0 buckler
rNeg    . . .        c - +0 chain mail
rPois   .            (helmet restricted)
rElec   .            (no cloak)
rCorr   .            (no gloves)
SInv    .            (no boots)
Will    .....        (no amulet) Stlth
                     (no ring)
HPRegen 0.27/turn    (no ring)
MPRegen 0.08/turn

%: no teleportation
@: no status effects
A: horns 2, retaliatory headbutt
a: Renounce Religion, Potion Petition, Call Merchant, Bribe Branch


You were in the Dungeon.
You worshipped Gozag.
Gozag was noncommittal.
You visited 1 branch

Inventory:

Hand Weapons
 a - a +0 trident (weapon)
Armour
 c - a +0 chain mail (worn)
 d - a +0 buckler (worn)
Jewellery
 k - a +3 ring of strength
 l - a +3 ring of strength
Wands
 h - a wand of roots (10)
Scrolls
 j - 2 scrolls of blinking
Potions
 b - a potion of might
 e - 5 potions of curing
 f - 3 potions of heal wounds
 g - a potion of haste
 i - a potion of berserk rage


   Skills:
 + Level 6.5 Fighting
 * Level 8.1 Polearms
 + Level 6.5 Armour
 - Level 3.6 Shields


You had 3 spell levels left.
You didn't know any spells.
Your spell library was empty.

Dungeon Overview and Level Annotations

Branches:
Dungeon (1/1)

Altars:
Cheibriados
Dithmenos
Elyvilon
Fedhas
Gozag
Hepliaklqana
Kikubaaqudgha
Makhleb
Nemelex Xobeh
Okawaru
Qazlal
Ru
Sif Muna
Trog
Uskayaw
Vehumet
Wu Jian
Xom
Yredelemnul
Zin
The Shining One
Jiyva
Lugonu


Innate Abilities, Weirdness & Mutations

You have a pair of horns on your head.
You reflexively headbutt those who attack you in melee.


Message History

You hear two shouts!
You barely miss the shadow.
The shadow is lightly damaged.
The shadow hits you.
You barely miss the shadow.
The shadow is lightly damaged.
The howler monkey hoots and howls with incredible vigour!
The shadow hits you!
You hear a shout!
You closely miss the shadow.
The shadow is lightly damaged.
You block the shadow's attack.
You hit the shadow.
The shadow is moderately damaged.
The shadow slips into darkness.
The shadow flickers and vanishes!
Deactivating autopickup; reactivate with Ctrl-A.
You puncture something! You headbutt something. You closely miss something.
Your headbutt misses something.
The shadow strikes at you from the darkness!
* * * LOW HITPOINT WARNING * * *
Reactivating autopickup.
You barely miss the shadow.
You headbutt the shadow, but do no damage.
The shadow is severely damaged.
The shadow barely misses you. You furiously retaliate!
You headbutt the shadow. You hit the shadow but do no damage.
The shadow is severely damaged.
The shadow completely misses you.
You barely miss the shadow.
The shadow is severely damaged.
The shadow slips into darkness.
The shadow flickers and vanishes!
Deactivating autopickup; reactivate with Ctrl-A.
You hit something.
The shadow slips into darkness.
The shadow flickers and vanishes!
The shadow strikes at you from the darkness!
You die...
Your body crumbles into a pile of gold. ▓▓▓▓▓▓▓▓▓▓▓▓▓▓▓▓▓▓▓▓▓▓▓▓ _______'!?).[[[.@{OkhY{. ▓▓▓▓▓▓▓▓▓▓▓▓▓▓▓▓▓▓▓▓▓▓▓▓

You could see a two-headed ogre, a yak, a wyvern and a howler monkey.

Vanquished Creatures
  A scorpion (D)
  A howler monkey (D)
  A ribbon worm (D)
  2 orcs (D)
  An endoplasm (D)
  A kobold (D)
  A ball python (D)
  2 bats (D)
10 creatures vanquished.

Notes
Turn   | Place    | Note
-------+----------+-------------------------------------------
     0 | D        | Heoruswealwe the Minotaur Fighter began the quest for the
                  | Orb.
     0 | D        | Reached XP level 1. HP: 19/19 MP: 0/0
     9 | D        | Reached skill level 3 in Polearms
    32 | D        | Noticed a scorpion
    32 | D        | Noticed a howler monkey
    37 | D        | Reached skill level 4 in Polearms
    39 | D        | Killed a scorpion
    40 | D        | Reached skill level 5 in Fighting
    40 | D        | Reached skill level 6 in Polearms
    40 | D        | Reached skill level 5 in Armour
    40 | D        | Reached XP level 2. HP: 30/30 MP: 1/1
    40 | D        | Reached XP level 3. HP: 37/37 MP: 2/2
    48 | D        | Reached skill level 7 in Polearms
    48 | D        | Reached XP level 4. HP: 43/44 MP: 3/3
    68 | D        | Reached skill level 8 in Polearms
    85 | D        | Found a snail-covered altar of Cheibriados.
    85 | D        | Found a shadowy altar of Dithmenos.
    85 | D        | Found a white marble altar of Elyvilon.
    85 | D        | Found a blossoming altar of Fedhas.
    85 | D        | Found an opulent altar of Gozag.
    86 | D        | Found a hazy altar of Hepliaklqana.
    87 | D        | Found a viscous altar of Jiyva.
    88 | D        | Found an ancient bone altar of Kikubaaqudgha.
    89 | D        | Found a corrupted altar of Lugonu.
    90 | D        | Found a burning altar of Makhleb.
    91 | D        | Found a sparkling altar of Nemelex Xobeh.
    92 | D        | Found an iron altar of Okawaru.
    93 | D        | Became a worshipper of Gozag Ym Sagoz the Greedy
    94 | D        | Found a stormy altar of Qazlal.
    95 | D        | Found a sacrificial altar of Ru.
    96 | D        | Found a shimmering blue altar of Sif Muna.
    97 | D        | Found a bloodstained altar of Trog.
    98 | D        | Found a hide-covered altar of Uskayaw.
    99 | D        | Found a radiant altar of Vehumet.
   100 | D        | Found an ornate altar of the Wu Jian Council.
   101 | D        | Found a shimmering altar of Xom.
   102 | D        | Found a basalt altar of Yredelemnul.
   103 | D        | Found a glowing silver altar of Zin.
   104 | D        | Found a glowing golden altar of the Shining One.
   129 | D        | Noticed a shadow
   129 | D        | Noticed a wyvern
   129 | D        | Noticed a two-headed ogre
   129 | D        | Noticed a yak
   129 | D        | Noticed a shadow
   140 | D        | Mangled by a shadow

Illustrated notes

Levels and vault maps discovered:
D:        linesprint [early_d, line_temple, items_1, d_10, items_2, lair_1,
          lair_end, items_3, orc_1, orc_end, items_4, d_15, swamp_1, shoals_1,
          snake_1, spider_1, d_20, vaults_1, items_5, swamp_end, shoals_end,
          snake_end, spider_end, vaults_end, d_27, items_6, zot_1, zot_end,
          crypt_end, forest_end, elf_end, slime_end, tomb_end, abyss_end,
          pan_hell_end]

Skill      XL: |  1  2  3  4 |
---------------+-------------+-----
Polearms       | 6 7 8 |  8.1
Fighting       | 5 6 |  6.5
Armour         | 5 6 |  6.5
Shields        | |  3.6

Action                     |  1- 3 |  4- 6 || total
---------------------------+-------+-------++-------
  Melee: Trident           |    37 |    31 ||    68
         Headbutt          |     6 |     3 ||     9
 Armour: Scale mail        |    21 |     9 ||    30
         Chain mail        |       |     5 ||     5
  Dodge: Dodged            |    18 |     9 ||    27
  Block: Buckler           |     5 |     3 ||     8
